AoeStats
← XxX

Black Forest

510153872Analyzed
3v3 RM · 2d ago on Sep 29, 2026· 64m 28s· 6 players
Game mode
Random Map
Map size
Normal (6 player)
Population
200
Speed
Normal
Resources
Standard
Victory
Conquest
Starting age
Dark Age
Ending age
Imperial Age
RankedLock teamsTeams togetherTeam positionsShared explorationLock speedFull tech treeHidden civsTurbo modeCheats
Victory
Defeat
🇩🇪 Britons · Germany
879
+17
🇨🇳 Khmer · China
861
+18
🇩🇪 Danes · Germany
843
+19
🇹🇷 Spanish · Türkiye
971
-20
🇹🇷 Bengalis · Türkiye
923
-19
🇹🇷 Tatars · Türkiye
820
-15
Ks1lence
1:02 Loom
13:03 Feudal Age
18:11 Castle Age
17:46 Double-Bit Axe
17:44 Horse Collar
34:23 Imperial Age
32:20 Heavy Plow
32:35 Bow Saw
33:23 Pikeman
34:09 Gold Mining
35:09 Double Crossbow
35:16 Heavy Scorpion
35:37 Light Cavalry
38:04 Bloodlines
37:54 Husbandry
42:11 Ballistics
41:48 Murder Holes
41:21 Capped Ram
41:45 Hussar
43:20 Wheelbarrow
43:27 Siege Ram
45:26 Conscription
46:17 Forging
48:47 Iron Casting
48:18 Scale Barding Armor
47:50 Halberdier
54:03 Blast Furnace
53:03 Scale Mail Armor
53:24 Chain Barding Armor
58:13 Gold Shaft Mining
57:28 Stone Mining
59:44 Plate Barding Armor
58:59 Fletching
59:19 Siege Engineers
61:46 Caravan
Fred
11:11 Feudal Age
17:49 Castle Age
23:30 Ballistics
24:34 Fletching
34:21 Imperial Age
32:23 Yeomen
32:02 Bodkin Arrow
33:43 Caravan
34:26 Wheelbarrow
34:11 Double-Bit Axe
34:28 Padded Archer Armor
34:24 Gold Mining
34:21 Horse Collar
35:11 Bracer
36:20 Chemistry
37:27 Elite Longbowman
38:28 Conscription
41:18 Elite Skirmisher
46:58 Gold Shaft Mining
46:25 Heavy Plow
46:43 Bow Saw
47:56 Hand Cart
48:48 Two-Man Saw
52:37 Pikeman
53:18 Squires
53:43 Halberdier
54:41 Leather Archer Armor
54:27 Scale Mail Armor
54:38 Forging
63:51 Ring Archer Armor
63:37 Chain Mail Armor
63:58 Iron Casting
Strietzel1895
0:30 Loom
13:50 Feudal Age
15:10 Wheelbarrow
15:49 Fletching
21:58 Man-at-Arms
28:30 Castle Age
26:23 Horse Collar
26:36 Double-Bit Axe
27:08 Arson
27:55 Scale Mail Armor
28:49 Long Swordsman
29:48 Hand Cart
29:33 Gold Mining
29:53 Stone Mining
29:55 Gambesons
30:20 Squires
30:27 Pikeman
31:31 Padded Archer Armor
31:51 Caravan
32:03 Elite Skirmisher
34:09 Town Watch
35:14 Stone Shaft Mining
35:18 Gold Shaft Mining
34:57 Heavy Plow
35:19 Bow Saw
36:14 Forging
37:12 Thumb Ring
42:21 Imperial Age
40:25 Ballistics
42:06 Iron Casting
43:06 Fervor
44:04 Siege Engineers
44:58 Hoardings
45:20 Conscription
45:40 Hamask
46:19 Bodkin Arrow
48:46 Halberdier
48:49 Two-Handed Swordsman
51:39 Northmen's Fury
52:42 Bracer
52:59 Chain Mail Armor
54:19 Blast Furnace
55:02 Plate Mail Armor
55:08 Leather Archer Armor
56:27 Elite Jomsviking
60:50 Ring Archer Armor
59:46 Champion
61:28 Masonry
61:14 Murder Holes
tiirk
0:39 Loom
13:52 Feudal Age
15:14 Horse Collar
20:09 Castle Age
21:28 Double-Bit Axe
25:28 Heavy Plow
32:14 Imperial Age
31:09 Caravan
31:29 Bow Saw
32:23 Padded Archer Armor
32:14 Fletching
33:07 Ballistics
33:32 Conscription
34:07 Wheelbarrow
34:01 Leather Archer Armor
33:42 Bodkin Arrow
35:36 Ring Archer Armor
34:34 Elite Ratha (Ranged)
36:43 Chemistry
36:21 Hand Cart
36:44 Gold Mining
37:57 Bracer
40:05 Scale Barding Armor
40:12 Forging
42:49 Bloodlines
42:43 Husbandry
42:08 Elite Battle Elephant
43:31 Chain Barding Armor
44:33 Paiks
46:19 Plate Barding Armor
46:21 Iron Casting
bLuStEr
1:22 Loom
10:59 Feudal Age
11:29 Double-Bit Axe
12:50 Wheelbarrow
13:17 Town Watch
17:14 Fletching
20:55 Castle Age
20:03 Gold Mining
20:39 Stone Mining
21:31 Bodkin Arrow
28:03 Stone Shaft Mining
30:05 Hand Cart
31:19 Bow Saw
35:30 Imperial Age
33:23 Fortified Wall
35:06 Masonry
35:17 Ballistics
34:52 Guard Tower
34:59 Murder Holes
37:29 Chemistry
37:31 Architecture
36:44 Elite Skirmisher
40:21 Conscription
41:22 Two-Man Saw
40:30 Murder Holes
41:15 Bracer
42:30 Padded Archer Armor
42:42 Thumb Ring
44:18 Leather Archer Armor
45:05 Cavalier
45:46 Husbandry
45:56 Bloodlines
46:38 Paladin
47:53 Forging
49:49 Scale Barding Armor
54:37 Iron Casting
57:36 Ring Archer Armor
XxX
11:30 Feudal Age
12:05 Loom
15:37 Double-Bit Axe
16:17 Horse Collar
19:41 Castle Age
18:22 Wheelbarrow
19:53 Stone Mining
19:57 Gold Mining
20:43 Heavy Plow
21:12 Bow Saw
21:45 Padded Archer Armor
21:36 Fletching
23:52 Hand Cart
24:42 Town Watch
26:49 Gold Shaft Mining
27:50 Town Patrol
28:09 Arson
28:26 Squires
33:52 Imperial Age
33:48 Coinage
35:39 Crop Rotation
36:56 Chemistry
36:17 Ballistics
36:15 Leather Archer Armor
35:56 Bodkin Arrow
36:12 Forging
36:08 Scale Barding Armor
35:33 Heavy Cavalry Archer
37:02 Guilds
37:57 Banking
39:00 Conscription
38:13 Sappers
40:01 Silk Armor
39:23 Elite Keshik
40:10 Elite Skirmisher
41:20 Timurid Siegecraft
42:10 Husbandry
42:21 Bloodlines
41:34 Elite Steppe Lancer
43:21 Ring Archer Armor
42:52 Bracer
43:46 Light Cavalry
46:37 Iron Casting
46:23 Chain Barding Armor
47:02 Cavalier
47:54 Hussar
61:27 Plate Barding Armor
61:56 Blast Furnace
Connection lost

Rejoining the realm…

Still unreachable

The connection could not be restored.

Session expired

The server has moved on; the page needs a fresh start.